 Dungeon Crawl Stone Soup version 0.28.0-45-g0d030f2227 (webtiles) character file.

Game seed: 15342598733710747641

539 zeratav the Digger (level 7, -2/44 HPs)
             Began as a Gargoyle Earth Elementalist on Apr 5, 2022.
             Was an Initiate of Vehumet.
             Slain by Duvessa
             ... wielding a +0 short sword
              (10 damage)
             ... on level 5 of the Dungeon on Apr 6, 2022.
             The game lasted 00:12:28 (5180 turns).

zeratav the Digger (Gargoyle Earth Elementalist)    Turns: 5180, Time: 00:12:28

Health: -2/44      AC: 11    Str: 14    XL:     7   Next: 26%
Magic:  11/12      EV: 10    Int: 17    God:    Vehumet [......]
Gold:   272        SH:  0    Dex: 10    Spells: 7/13 levels left

rFire   . . .      SeeInvis .   f - +2 spear (freeze)
rCold   + . .      Faith    .   (no shield)
rNeg    + . .      Spirit   .   e - +1 ring mail
rPois   ∞          Reflect  .   (no helmet)
rElec   +          Harm     .   (no cloak)
rCorr   .          Rampage  .   (no gloves)
Will    .....                   (no boots)
Stlth   +.........              k - amulet of magic regeneration
HPRegen 0.14/turn               o - ring of protection from cold
MPRegen 0.53/turn               (no ring)

@: no status effects
A: sickness immunity, AC +4, negative energy resistance 1, electricity
resistance, torment resistance 1, petrification resistance, strong 1
a: Renounce Religion


You were on level 5 of the Dungeon.
You worshipped Vehumet.
Vehumet was noncommittal.
You visited 2 branches of the dungeon, and saw 6 of its levels.

You collected 272 gold pieces.

Inventory:

Hand Weapons
 f - a +2 spear of freezing (weapon)
Missiles
 c - 68 stones
Armour
 b - a +0 robe
 e - a +1 ring mail (worn)
Jewellery
 k - an amulet of magic regeneration (around neck)
 n - an amulet of magic regeneration
 o - a ring of protection from cold (left hand)
Wands
 j - a wand of digging (8)
Scrolls
 g - a scroll of fear {unknown}
 m - 2 scrolls of teleportation
 p - 3 scrolls of amnesia {unknown}
 q - a scroll of enchant armour
 r - a scroll of blinking {unknown}
Potions
 a - a potion of resistance {unknown}
 d - a potion of magic
 h - a potion of degeneration {unknown}
 i - a potion of curing
 l - a potion of mutation


   Skills:
 * Level 4.7 Fighting
 + Level 1.7 Armour
 - Level 1.5 Dodging
 - Level 2.1 Stealth
 + Level 3.5 Spellcasting
 - Level 0.7 Transmutations
 * Level 6.5 Earth Magic


You had 7 spell levels left.
You knew the following spells:

 Your Spells              Type           Power      Damage    Failure   Level
a - Sandblast             Erth           50%        2d12      2%          1
b - Stone Arrow           Conj/Erth      28%        3d8       26%         3
c - Passwall              Tmut/Erth      12%        N/A       11%         2

Your spell library contained the following spells:

 Spells                   Type           Power      Damage    Failure   Level
 Animate Skeleton         Necr           4%         N/A       32%         1
 Apportation              Tloc           4%         N/A       32%         1
 Summon Small Mammal      Summ           8%         N/A       32%         1
 Petrify                  Tmut/Erth      15%        N/A       58%         4
 Call Canine Familiar     Summ           2%         N/A       69%         3
 Summon Guardian Golem    Hex/Summ       2%         N/A       69%         3


Dungeon Overview and Level Annotations

Branches:
Dungeon (5/15)             Temple (1/1) D:4

Altars:
Cheibriados
Dithmenos
Elyvilon
Fedhas
Makhleb
Sif Muna
Trog
Vehumet
Wu Jian

Annotations:
D:5 Duvessa


Innate Abilities, Weirdness & Mutations

You are immune to sickness and miasma.
Your stone body is resilient. (AC +4)
You are immune to poison.
You resist negative energy. (rN+)
You are resistant to electric shocks. (rElec)
You are resistant to unholy torment.
You are immune to petrification.
Your muscles are strong. (Str +2)


Message History

The orc is heavily wounded.
Duvessa, Sister of Dowan comes into view.
She is wielding a +0 short sword and carrying a wand of flame (18).
The blast of sand hits the orc!
You kill the orc!
Vehumet accepts your kill.
Duvessa shouts!
Duvessa goes berserk!
The orc throws a boomerang.
The boomerang closely misses you.
The orc throws a boomerang.
The boomerang hits you but does no damage.
You hear a shout!
The blast of sand hits the orc wizard!
You kill the orc wizard!
Vehumet accepts your kill.
The blast of sand hits the orc.
The orc is moderately wounded.
The blast of sand misses the orc.
The orc throws a boomerang.
The boomerang hits you but does no damage.
Duvessa rages.
The blast of sand hits Duvessa but does no damage.
Duvessa hits you but does no damage. Duvessa hits you with a +0 short sword!
The blast of sand hits Duvessa but does no damage.
Duvessa barely misses you. Duvessa hits you with a +0 short sword!
Duvessa closely misses you.
An orc comes into view. It is wielding a +0 flail.
Casting: Sandblast (safe; 2% risk of failure)
Confirm with . or Enter, or press ? or * to list all spells.
Aiming: Passwall (safe; 11% risk of failure)
Press: ? - help, Dir - move target, p - Duvessa A rock wall.
The orc shouts!
Duvessa closely misses you. The orc hits you with a +0 whip.
* * * LOW HITPOINT WARNING * * *
You begin to meditate on the wall.
You continue meditating on the rock.
Duvessa hits you with a +0 short sword.
* * * LOW HITPOINT WARNING * * *
The orc hits you but does no damage. Duvessa hits you with a +0 short sword!
You die...

#.....#........###..####.#.......
#)............####...#...##......
..............##..........#......
.....)##............#.##.........
......##.......##...###...##....#
.....##.........##..# ##.## ....
.....##.........###..# ..# ...
...............###........ ..
..#.##.......ooo@##....... .
..........#.#..e..........
.###...)..#####..##....... .#
#..o.#..# ##.###......
..##..####.... ..# #o....
####.o........#... .. .
##........##..## . .#
......##.#..## .. ..o.o.## #.


You could see Duvessa (berserk) and 4 orcs.

Vanquished Creatures
  Sigmund (D:2)
  3 scorpions
  Dowan (D:5)
  A centaur skeleton (D:4)
  An orc wizard (D:5)
  A howler monkey zombie (D:3)
  4 adders
  A dart slug (D:4)
  5 orcs
  3 bats
  2 endoplasms
  3 giant cockroaches
  6 hobgoblins
  A jackal (D:3)
  5 kobolds
  3 quokkas
  3 ball pythons
  4 frilled lizards
  2 goblins
  7 rats
57 creatures vanquished.

Vanquished Creatures (others)
  3 fungi
  A plant (D:3)
4 creatures vanquished.

Grand Total: 61 creatures vanquished

Notes
Turn   | Place    | Note
-------+----------+-------------------------------------------
     0 | D:1      | zeratav the Gargoyle Earth Elementalist began the quest for
                  | the Orb.
     0 | D:1      | Reached XP level 1. HP: 10/10 MP: 3/3
   544 | D:1      | Reached skill level 1 in Fighting
   544 | D:1      | Reached XP level 2. HP: 16/16 MP: 5/5
   806 | D:1      | Reached skill level 4 in Earth Magic
  1338 | D:2      | Noticed Sigmund
  1352 | D:2      | Killed Sigmund
  1353 | D:2      | Reached skill level 5 in Earth Magic
  1353 | D:2      | Reached XP level 3. HP: 2/23 MP: 4/7
  1353 | D:2      | Reached XP level 4. HP: 2/28 MP: 4/8
  1353 | D:2      | Reached XP level 5. HP: 2/32 MP: 4/9
  2569 | D:3      | Learned a level 3 spell: Stone Arrow
  2572 | D:3      | Learned a level 2 spell: Passwall
  3024 | D:3      | Found a faded altar of an unknown god.
  3133 | D:3      | Gained mutation: Your muscles are strong. (Str +2) [potion
                  | of mutation]
  3519 | D:4      | Reached XP level 6. HP: 38/38 MP: 8/10
  3634 | D:4      | Found a staircase to the Ecumenical Temple.
  4002 | D:4      | Reached skill level 6 in Earth Magic
  4063 | Temple   | Entered the Ecumenical Temple
  4214 | Temple   | Became a worshipper of Vehumet
  4910 | D:5      | Entered Level 5 of the Dungeon
  5044 | D:5      | Reached skill level 1 in Armour
  5117 | D:5      | Noticed Dowan
  5124 | D:5      | Reached XP level 7. HP: 44/44 MP: 9/12
  5141 | D:5      | Killed Dowan
  5159 | D:5      | Noticed Duvessa
  5180 | D:5      | Slain by Duvessa

Illustrated notes

Levels and vault maps discovered:
D:1:      lemuel_arrival_muddy, layout_loops_ring, serial_aquarium,
          aquarium_bridge_square [aquarium_subvault_bridge,
          aquarium_subvault_bridge, aquarium_subvault_wall,
          aquarium_subvault_bridge], aquarium_window_corner,
          aquarium_window_double, aquarium_view_2b, aquarium_balcony_3b
D:2:      layout_basic, uniq_sigmund
D:3:      layout_loops_ring, dreamdust_ecumenical_altar_grove, minmay_between
D:4:      layout_basic, temple_doors_e, st_stairs_5
D:5:      layout_cave_pools, chequers_jeans, uniq_duvessa
Temple:   mainiacjoe_temple_big_plus

Skill      XL: |  1  2  3  4  5  6 |
---------------+-------------------+-----
Fighting       | 1 3 4 |  4.7
Earth Magic    | 5 6 |  6.5
Spellcasting   | 3 |  3.5
Armour         | 1 |  1.7
Dodging        | |  1.5
Stealth        | |  2.1
Transmutations | |  0.7

Action                   |  1- 3 |  4- 6 |  7- 9 || total
-------------------------+-------+-------+-------++-------
Melee: Short sword       |    20 |       |       ||    20
       War axe           |     5 |       |       ||     5
       Spear             |    21 |    99 |       ||   120
       Punch             |     2 |     1 |       ||     3
 Cast: Sandblast         |     5 |    24 |    11 ||    40
       Passwall          |       |       |     1 ||     1
  Use: Scroll            |       |     4 |       ||     4
       Potion            |       |     4 |       ||     4
 Stab: Sleeping          |     1 |     3 |       ||     4
Armor: Robe              |    23 |    24 |       ||    47
       Ring mail         |       |    17 |     4 ||    21
Dodge: Dodged            |    31 |    61 |     5 ||    97
